 Seeded DCSS version 0.30-a0-857-gcaf70739d4 (webtiles) character file.

Game seed: 18242870539230726858 (custom seed)

2214 bmack86 the Cleaver (level 9, -3/78 HPs)
             Began as a Minotaur Fighter on Mar 6, 2023.
             Was a Believer of Okawaru.
             Slain by an orc warrior
             ... wielding a +0 war axe
              (6 damage)
             ... in a bailey.
             The game lasted 00:20:05 (5386 turns).

bmack86 the Cleaver (Minotaur Fighter)              Turns: 5386, Time: 00:20:05

Health: -3/78      AC: 17    Str: 25    XL:     9   Next: 13%
Magic:  10/10      EV:  8    Int:  7    God:    Okawaru [**....]
Gold:   281        SH:  6    Dex: 10    Spells: 8/8 levels left

rFire   . . .      SeeInvis .    a - +0 war axe
rCold   . . .      Faith    .    B - +1 buckler "Nygelot" {rPois Regen+ Int+2}
rNeg    . . .      Spirit   .    y - +1 chain mail {Will+}
rPois   +          Reflect  .    (helmet restricted)
rElec   .          Rampage  .    q - +1 cloak
rCorr   .                        (no gloves)
Will    +....                    i - +2 pair of boots {Fly} Stlth
                                 o - amulet of regeneration
HPRegen 1.93/turn                j - ring of poison resistance
MPRegen 0.12/turn                (no ring)

@: flying
A: horns 2, retaliatory headbutt
a: Renounce Religion, Heroism


You were in a bailey.
You worshipped Okawaru.
Okawaru was pleased with you.
You visited 1 branch of the dungeon, and saw 7 of its levels.
You also visited: Bailey.

You collected 466 gold pieces.
You spent 185 gold pieces at shops.

Inventory:

Hand Weapons
 a - a +0 war axe (weapon)
Missiles
 t - 5 poisoned darts
 w - 11 boomerangs (quivered)
Armour
 i - a +2 pair of boots of flying (worn)
 q - a +1 cloak (worn)
 y - a +1 chain mail of willpower (worn)
 B - the +1 buckler "Nygelot" (worn) {rPois Regen+ Int+2}
   (You acquired it on level 5 of the Dungeon)

   Int:       It affects your intelligence (+2).
   rPois:     It protects you from poison.
   Regen:     It increases your rate of health regeneration.
Jewellery
 h - a ring of flight
 j - a ring of poison resistance (left hand)
 o - an amulet of regeneration (around neck)
Scrolls
 c - a scroll of enchant armour
 g - 3 scrolls of vulnerability
 k - a scroll of enchant weapon
 l - a scroll of fog
 r - a scroll of immolation
 s - a scroll of blinking
 x - a scroll of poison
Potions
 d - a potion of might
 e - 2 potions of attraction
 f - 3 potions of mutation
 m - a potion of haste
 n - a potion of degeneration
 p - a potion of invisibility
 u - a potion of magic
 z - 3 potions of curing
 A - 2 potions of lignification


   Skills:
 + Level 6.9 Fighting
 * Level 8.9 Axes
 + Level 3.1 Throwing
 + Level 6.8 Armour
 + Level 6.9 Shields
 + Level 3.2 Invocations


You had 8 spell levels left.
You didn't know any spells.
Your spell library contained the following spells:

 Spells                   Type           Power      Damage    Failure   Level
 Kiss of Death            Conj/Necr      0%         2d5       98%         1
 Magic Dart               Conj           0%         1d3       98%         1
 Lesser Beckoning         Tloc           0%         N/A       99%         2
 Confusing Touch          Hex            0%         N/A       100%        3
 Gell's Gravitas          Tloc           0%         N/A       100%        3
 Mephitic Cloud           Conj/Pois/Air  0%         N/A       100%        3
 Teleport Other           Tloc           0%         N/A       100%        3
 Dispel Undead            Necr           0%         3d6       100%        4
 Call Imp                 Summ           Unusable   N/A       N/A         2

Dungeon Overview and Level Annotations

Branches:
Dungeon (7/15)             Temple (0/1) D:6          Bailey (1/1)

Altars:
Cheibriados
Gozag
Okawaru
Ru
Wu Jian

Shops:
D:1 ((*[*   D:2 *   D:6 *


Innate Abilities, Weirdness & Mutations

You have a pair of horns on your head.
You reflexively headbutt those who attack you in melee.


Message History

You hit the orc warrior but do no damage.
The orc warrior splashes around in the water. x2
You barely miss the orc warrior.
The orc warrior is heavily wounded.
You closely miss the orc warrior. You closely miss the orc.
The orc warrior hits you with a +0 war axe!
You block the orc's attack.
The orc warrior hits you with a +0 war axe.
* * * LOW HITPOINT WARNING * * *
You slash the orc warrior!
The orc warrior is almost dead.
You closely miss the orc warrior. You hit the orc.
The orc warrior splashes around in the water.
The orc hits you but does no damage. You block the orc warrior's attack.
You slash the orc!
You kill the orc!
Okawaru accepts your kill.
You hear a splash. x2
You slash the orc warrior!
You kill the orc warrior!
Okawaru accepts your kill.
You hear a splash. x2
You closely miss the orc warrior.
The orc warrior splashes around in the water.
You barely miss the orc knight. Your headbutt misses the orc knight.
You closely miss the orc warrior.
The orc warrior hits you with a +0 war axe.
* * * LOW HITPOINT WARNING * * *
The orc knight hits you but does no damage.
You barely miss the orc knight. Your headbutt misses the orc knight.
You closely miss the orc warrior.
The orc warrior hits you with a +0 war axe!
* * * LOW HITPOINT WARNING * * *
The orc knight hits you with a +0 war axe!
* * * LOW HITPOINT WARNING * * *
You hit the orc knight but do no damage.
Your headbutt misses the orc knight.
You hit the orc warrior but do no damage.
The orc warrior hits you with a +0 war axe.
You die...

♣♣♣ ♣♣♣∩♣♣♣ ####
♣♣♣.....♣♣♣#####
##!$.##.........##...##
##?....##.......##.....##
#.......##~@)~~##...8...##
..8..8...#oo~~~#.........##
.........#~~(~~#..........#
......)..'(....'....8..8..#≈
..8......#########........#≈
......#### ~#~~ ##......##≈
#..... ....[ #.....##..
##... ....?~#....##... #..o
..8.8##...)#....


You could see an orc knight and an orc warrior (strong).

Vanquished Creatures
  An orc knight (Bailey)
  Sigmund (D:2)
  A water moccasin (D:5)
  4 black bears
  An ogre (D:4)
  An orc warrior (Bailey)
  A centaur (D:6)
  3 phantoms
  A scorpion (D:4)
  3 hounds
  A jelly (D:7)
  3 iguanas
  A sleepcap (D:5)
  4 orc wizards (D:5)
  8 gnolls
  8 adders
  A shadow imp (D:6)
  A white imp (D:6)
  An ufetubus (D:6)
  A worm (D:2)
  2 dart slugs
  10 orcs
  7 ball pythons
  6 endoplasms
  7 giant cockroaches
  19 goblins
  5 hobgoblins
  3 quokkas
  9 bats
  15 frilled lizards
  16 kobolds
  6 rats
151 creatures vanquished.

Vanquished Creatures (others)
  5 plants (D:1)
5 creatures vanquished.

Grand Total: 156 creatures vanquished

Notes
Turn   | Place    | Note
-------+----------+-------------------------------------------
     0 | D:1      | bmack86 the Minotaur Fighter began the quest for the Orb.
     0 | D:1      | Reached XP level 1. HP: 19/19 MP: 0/0
   253 | D:1      | Reached XP level 2. HP: 27/27 MP: 1/1
   254 | D:1      | Found Iczoal's Antique Armour Shop.
   365 | D:1      | Found Mapt's Weapon Shop.
   371 | D:1      | Reached skill level 3 in Axes
   417 | D:1      | Found Ridunu's General Store.
   438 | D:1      | Bought a scroll of identify for 20 gold pieces
   438 | D:1      | Bought a scroll of identify for 20 gold pieces
   438 | D:1      | Bought a scroll of identify for 20 gold pieces
   564 | D:1      | Found Gaux's General Store.
   750 | D:1      | Found Mazynewu's Weapon Shoppe.
   974 | D:2      | Noticed Sigmund
   983 | D:2      | Killed Sigmund
   984 | D:2      | Reached skill level 4 in Axes
   984 | D:2      | Reached XP level 3. HP: 15/34 MP: 2/2
   984 | D:2      | Reached XP level 4. HP: 18/41 MP: 3/3
   984 | D:2      | Reached XP level 5. HP: 21/47 MP: 4/4
  1179 | D:2      | Reached skill level 5 in Axes
  1274 | D:2      | Found Qerurash's Assorted Antiques.
  1580 | D:2      | Bought a thin malachite amulet for 125 gold pieces
  1792 | D:2      | Identified the +0 leather armour of Xuytoo {rF++ rN+}
  1842 | D:2      | Reached XP level 6. HP: 55/55 MP: 5/5
  2336 | D:3      | Reached skill level 5 in Fighting
  2336 | D:3      | Reached skill level 5 in Armour
  2336 | D:3      | Reached skill level 5 in Shields
  2885 | D:4      | Found an opulent altar of Gozag.
  2922 | D:4      | Reached skill level 6 in Axes
  2967 | D:4      | Reached XP level 7. HP: 17/61 MP: 6/6
  3120 | D:4      | Found a sacrificial altar of Ru.
  3120 | D:4      | Found an iron altar of Okawaru.
  3165 | D:4      | Became a worshipper of Warmaster Okawaru
  3507 | D:5      | Entered Level 5 of the Dungeon
  3662 | D:5      | Reached skill level 7 in Axes
  3662 | D:5      | Reached skill level 1 in Throwing
  3662 | D:5      | Reached skill level 1 in Invocations
  3672 | D:5      | Identified the +0 quarterstaff "Mujap" {heavy, Will+}
  3746 | D:5      | Reached XP level 8. HP: 57/70 MP: 6/8
  3776 | D:5      | Reached * piety under Okawaru
  4268 | D:5      | Identified a scroll of acquirement
  4298 | D:5      | Acquired the +1 buckler "Nygelot" {rPois Regen+ Int+2}
  4433 | D:6      | Found Yffurim's Assorted Antiques.
  4584 | D:6      | Found a staircase to the Ecumenical Temple.
  4647 | D:6      | Reached skill level 8 in Axes
  4669 | D:6      | Reached ** piety under Okawaru
  5011 | D:6      | Found a snail-covered altar of Cheibriados.
  5039 | D:6      | Found an ornate altar of the Wu Jian Council.
  5262 | D:7      | Found a flagged portal.
  5276 | Bailey   | Entered a bailey
  5281 | Bailey   | Noticed an orc warlord
  5346 | Bailey   | Noticed an orc knight
  5362 | Bailey   | Killed an orc knight
  5363 | Bailey   | Reached XP level 9. HP: 23/78 MP: 8/10
  5365 | Bailey   | Noticed an orc knight
  5385 | Bailey   | HP: 1/78 [orc knight/+0 war axe (11)]
  5386 | Bailey   | Slain by an orc warrior

Illustrated notes

Levels and vault maps discovered:
D:1:      dpeg_arrival_stone_temple_mockup, layout_basic, serial_shops, shop,
          shop_statue, shop_statue, nicolae_shop_advertising_works
          [nicolae_subvault_shop_adworks], nicolae_shop_bloodbath_and_beyond,
          minmay_lizard_king
D:2:      layout_loops_ring, serial_shops, nicolae_lakefront_shop,
          minmay_pentomino_pile, uniq_sigmund
D:3:      layout_loops_ring
D:4:      layout_cave_pods, grunt_gozag_statues,
          mainiacjoe_overflow_divided_tiny
D:5:      minmay_angry_zag, layout_gridville
D:6:      layout_basic, mainiacjoe_overflow_two_lobes,
          minmay_temple_entry_slanted, serial_shops, nicolae_stop_n_shop_2,
          hangedman_decor_growths
D:7:      layout_layer_cave, enter_bailey_3, ebering_ghost_reflecting_pool
Bailey:   bailey_axe_bossmonster_kennysheep, bailey

Skill      XL: |  1  2  3  4  5  6  7  8 |
---------------+-------------------------+-----
Axes           | 4 5 6 7 8 |  8.9
Fighting       | 4 5 6 |  6.9
Armour         | 4 5 6 |  6.8
Shields        | 4 5 6 |  6.9
Throwing       | 1 3 |  3.1
Invocations    | 1 3 |  3.2

Action                     |  1- 3 |  4- 6 |  7- 9 || total
---------------------------+-------+-------+-------++-------
  Melee: War axe           |    60 |   130 |   158 ||   348
         Headbutt          |     4 |    29 |    19 ||    52
 Invoke: Heroism           |       |       |     1 ||     1
    Use: Scroll            |     1 |    14 |     8 ||    23
 Armour: Scale mail        |    38 |    42 |       ||    80
         Plate armour      |       |    31 |    98 ||   129
         Chain mail        |       |       |    71 ||    71
  Dodge: Dodged            |    31 |    68 |    59 ||   158
  Block: Buckler           |    11 |    22 |    67 ||   100

Table legend: (Time is in decaauts)
 A = Elapsed time spent in this place.
 B = Non-inter-level travel time spent in this place.
 C = Inter-level travel time spent in this place.
 D = Time resting spent in this place.
 E = Time spent auto-exploring this place.
 F = Levels seen in this place.
 G = Mean time per level.
                   A        B        C        D        E       F      G
               +--------+--------+--------+--------+--------+-----+--------+
         Total |   5465 |   5294 |    171 |    109 |   3600 |   8 |  683.1 |
       Dungeon |   5355 |   5184 |    171 |    109 |   3600 |   7 |  765.0 |
        Bailey |    109 |    109 |      0 |      0 |      0 |   1 |  109.0 |
               +--------+--------+--------+--------+--------+-----+--------+

Top non-repeatable levels by time:
     D:2: 1012 daAuts
     D:1: 989 daAuts
     D:4: 946 daAuts
     D:5: 939 daAuts
     D:6: 758 daAuts
     D:3: 620 daAuts
  Bailey: 109 daAuts
     D:7: 88 daAuts
